 Dungeon Crawl Stone Soup version 0.30-a0-726-gd89dcf765f (webtiles) character file.

Game seed: 5696733249510120406

54 timneilson the Shield-Bearer (level 3, -7/23 HPs)
             Began as a Gargoyle Fighter on Jan 29, 2023.
             Killed by divine providence
             ... invoked by an orc priest
              (11 damage)
             ... on level 3 of the Dungeon.
             The game lasted 00:02:18 (1634 turns).

timneilson the Shield-Bearer (Gargoyle Fighter)     Turns: 1634, Time: 00:02:19

Health: -7/23      AC: 11    Str: 21    XL:     3   Next: 91%
Magic:  3/3        EV:  9    Int:  8    God:
Gold:   103        SH:  5    Dex:  9    Spells: 2/2 levels left

rFire   . . .      SeeInvis .    a - +0 long sword
rCold   . . .      Faith    .    c - +1 buckler
rNeg    + . .      Spirit   .    b - +0 scale mail
rPois   ∞          Reflect  .    (no helmet)
rElec   +          Harm     .    (no cloak)
rCorr   .          Rampage  .    (no gloves)
Will    .....                    j - +0 pair of boots Stlth
                                 (no amulet)
HPRegen 0.23/turn                (no ring)
MPRegen 0.08/turn                (no ring)

@: no status effects
A: sickness immunity, AC +3, negative energy resistance 1, electricity
resistance, torment resistance 1, petrification resistance
a: no special abilities


You were on level 3 of the Dungeon.
You visited 1 branch of the dungeon, and saw 3 of its levels.

You collected 103 gold pieces.

Inventory:

Hand Weapons
 a - a +0 long sword (weapon)
Armour
 b - a +0 scale mail (worn)
 c - a +1 buckler (worn)
 j - a +0 pair of boots (worn)
Scrolls
 f - a scroll of identify
 l - a scroll of teleportation
Potions
 d - a potion of might
 e - 2 potions of curing {unknown}
 g - 3 potions of heal wounds
 h - a potion of brilliance {unknown}
 n - a potion of haste {unknown}


   Skills:
 + Level 3.4 Fighting
 * Level 2.5 Long Blades
 * Level 3.7 Armour
 + Level 0.7 Dodging
 * Level 3.8 Shields


You had 2 spell levels left.
You didn't know any spells.
Your spell library contained the following spells:

 Spells                   Type           Power      Damage    Failure   Level
 Slow                     Hex            0%         N/A       83%         1
 Confusing Touch          Hex            0%         N/A       99%         3
 Vampiric Draining        Necr           0%         2d6       99%         3
 Iskenderun's Battlesphe  Conj           0%         2d6       100%        5
 Iron Shot                Conj/Erth      0%         9d1       100%        6
 Spellforged Servitor     Conj/Summ      0%         N/A       100%        7


Dungeon Overview and Level Annotations

Branches:
Dungeon (3/15)

Altars:

Shops:
D:2 =*


Innate Abilities, Weirdness & Mutations

You are immune to sickness and miasma.
Your stone body is resilient. (AC +3)
You are immune to poison.
You resist negative energy. (rN+)
You are resistant to electric shocks. (rElec)
You are resistant to unholy torment.
You are immune to petrification.


Message History

You closely miss the giant cockroach.
The giant cockroach is moderately wounded.
The giant cockroach bites you but does no damage.
You hit the giant cockroach.
You kill the giant cockroach!
No target in view!
No target in view!
No target in view!
No target in view!
No target in view!
No target in view!
No target in view!
No target in view!
No target in view!
No target in view!
No target in view!
No target in view!
No target in view!
No target in view!
No target in view!
An orc priest comes into view. It is wielding a +0 hand axe.
The orc priest shouts! 2 orcs come into view.
The orc shouts!
An orc comes into view. It is wielding a +0 mace.
The orc priest miscasts a cantrip.
The orc moves out of view.
The orc priest invokes the aid of Beogh against you.
Beogh smites you!
Ouch! That really hurt!
You barely miss the orc. The orc hits you with a +0 mace.
You hit the orc but do no damage. The orc hits you with a +0 mace.
* * * LOW HITPOINT WARNING * * *
The orc hits you with a +0 mace.
* * * LOW HITPOINT WARNING * * *
You closely miss the orc. The orc closely misses you.
You barely miss the orc.
The orc priest mumbles some strange prayers to Beogh against you.
Beogh smites you!
You die...

.# #..........# #.#( ..##
#..........# ## ....#
#).........###
..!..###............# .
.......†............##....
.##.....#......##<...#
##....#........##......
####.#..########......###
#......oo@..# #####....
#......o###.# ..###
#........ .. .. #........#
..# #.##.###.. ..# ......
... .# ...##. .... . #...


You could see an orc priest and 2 orcs.

Vanquished Creatures
  An adder (D:2)
  A worm (D:2)
  A dart slug (D:1)
  7 endoplasms
  4 giant cockroaches
  2 goblins (D:2)
  3 hobgoblins (D:1)
  3 quokkas
  4 ball pythons
  3 bats
  2 frilled lizards
  3 kobolds
  4 rats
38 creatures vanquished.

Vanquished Creatures (others)
  3 plants (D:2)
3 creatures vanquished.

Grand Total: 41 creatures vanquished

Notes
Turn   | Place    | Note
-------+----------+-------------------------------------------
     0 | D:1      | timneilson the Gargoyle Fighter began the quest for the
                  | Orb.
     0 | D:1      | Reached XP level 1. HP: 14/14 MP: 1/1
   118 | D:1      | Reached XP level 2. HP: 16/19 MP: 2/2
   500 | D:1      | Reached XP level 3. HP: 23/23 MP: 3/3
  1002 | D:2      | Found Gauq's General Store.
  1516 | D:2      | Found Cocefes's Jewellery Shop.
  1601 | D:3      | Noticed a +0 dagger
  1634 | D:3      | Killed from afar by an orc priest

Illustrated notes

Levels and vault maps discovered:
D:1:      amcnicky_arrival_double_pillar, layout_basic
D:2:      layout_basic, serial_curves, eino_curves_01, eino_curves_04,
          eino_curves_04, eino_curves_02, serial_shops, shop,
          nicolae_shop_window_shopping, roderic_serpentine_path,
          serial_bayou_ford_a
D:3:      layout_rooms, nicolae_tso_carved_into_rock, nicolae_uskayaw_en_pointe,
          minmay_tree_intersection

Skill      XL: |  1 |
---------------+----+-----
Long Blades    | 2 |  2.5
Fighting       | |  3.4
Armour         | |  3.7
Dodging        | |  0.7
Shields        | |  3.8

Action                     || total
---------------------------++-------
  Melee: Long sword        ||   152
    Use: Scroll            ||     8
 Armour: Scale mail        ||    83
  Dodge: Dodged            ||    94
  Block: Buckler           ||    29

Table legend: (Time is in decaauts)
 A = Elapsed time spent in this place.
 B = Non-inter-level travel time spent in this place.
 C = Inter-level travel time spent in this place.
 D = Time resting spent in this place.
 E = Time spent auto-exploring this place.
 F = Levels seen in this place.
 G = Mean time per level.
                   A        B        C        D        E       F      G
               +--------+--------+--------+--------+--------+-----+--------+
         Total |   1695 |   1659 |     36 |     32 |   1271 |   3 |  565.0 |
       Dungeon |   1695 |   1659 |     36 |     32 |   1271 |   3 |  565.0 |
               +--------+--------+--------+--------+--------+-----+--------+

Top non-repeatable levels by time:
     D:2: 927 daAuts
     D:1: 707 daAuts
     D:3: 60 daAuts
